 Dungeon Crawl Stone Soup version 0.28-a0-1356-g2ad6d04315 (webtiles) character file.

Game seed: 6531917526731467951

49 nicanaca0 the Chopper (level 3, 0/31 HPs)
             Began as a Minotaur Berserker on Dec 30, 2021.
             Was a Believer of Trog.
             Succumbed to an adder's poison
             ... on level 2 of the Dungeon.
             The game lasted 00:01:21 (1058 turns).

nicanaca0 the Chopper (Minotaur Berserker)          Turns: 1058, Time: 00:01:22

Health: 0/31       AC:  6    Str: 21    XL:     3   Next: 51%
Magic:  2/2        EV: 25    Int:  6    God:    Trog [**....]
Gold:   88         SH:  0    Dex:  9    Spells: 2/2 levels left

rFire   . . .      SeeInvis .   a - +0 hand axe
rCold   + . .      Faith    .   (no shield)
rNeg    . . .      Spirit   .   g - +0 scale mail
rPois   .          Reflect  .   (helmet restricted)
rElec   .          Harm     .   (no cloak)
rCorr   .          Rampage  .   (no gloves)
Will    .....                   (no boots)
Stlth   ..........              m - amulet of the acrobat
HPRegen 0.10/turn               k - ring of protection from cold
MPRegen 0.08/turn               (no ring)

@: lethally poisoned (0 -> -1), acrobatic
A: horns 2, retaliatory headbutt
a: Renounce Religion, Berserk, Trog's Hand


You were on level 2 of the Dungeon.
You worshipped Trog.
Trog was pleased with you.
You visited 1 branch of the dungeon, and saw 2 of its levels.

You collected 88 gold pieces.

Inventory:

Hand Weapons
 a - a +0 hand axe (weapon)
Missiles
 e - 44 stones (quivered)
 i - 29 poisoned darts
 j - 2 javelins
 o - 6 curare-tipped darts
Armour
 b - a +0 animal skin
 g - a +0 scale mail (worn)
 l - a +0 pair of gloves
Jewellery
 k - a ring of protection from cold (left hand)
 m - an amulet of the acrobat (around neck)
Scrolls
 d - 2 scrolls of torment {unknown}
 f - 2 scrolls of acquirement {unknown}
 h - a scroll of identify {unknown}
 p - a scroll of blinking {unknown}
Potions
 c - a potion of haste {unknown}
 n - a potion of heal wounds {unknown}


   Skills:
 - Level 3.6 Fighting
 * Level 5.3 Axes
 + Level 0.8 Throwing
 - Level 2.4 Armour
 - Level 2.1 Dodging


You had 2 spell levels left.
You didn't know any spells.
Your spell library was empty.

Dungeon Overview and Level Annotations

Branches:
Dungeon (2/15)

Altars:


Innate Abilities, Weirdness & Mutations

You have a pair of horns on your head.
You reflexively headbutt those who attack you in melee.


Message History

The adder poisons you!
You are too injured to fight recklessly!
You slash the adder!
The adder is severely wounded.
You feel very sick. The adder barely misses you.
You hit the adder. Your headbutt misses the adder.
The adder is almost dead.
You feel sick. The adder bites you but does no damage.
You closely miss the adder. Your headbutt misses the adder.
The adder is almost dead.
You feel sick. The adder bites you. The adder bites you but does no damage.
You miss the adder.
The adder is almost dead.
You feel sick. The adder closely misses you.
You barely miss the adder.
The adder is almost dead.
You feel sick. The adder bites you.
* * * LOW HITPOINT WARNING * * *
You are more poisoned.
The adder poisons you! The adder bites you but does no damage.
You hit the adder but do no damage.
The adder is almost dead.
* * * LOW HITPOINT WARNING * * *
You feel sick. The adder bites you.
* * * LOW HITPOINT WARNING * * *
You slash the adder!
You kill the adder!
Trog accepts your kill.
* * * LOW HITPOINT WARNING * * *
You feel sick.
* * * LOW HITPOINT WARNING * * *
You feel sick.
* * * LOW HITPOINT WARNING * * *
You feel sick.
* * * LOW HITPOINT WARNING * * *
You feel sick.
* * * LOW HITPOINT WARNING * * *
You feel sick.
You die...

..####......))....... #.
###....##........ #.
#.....###........ # #.
#.##..####....... . #.
#.#.....#........ #.##.
##.[.#............ ###.#..
#..###..........†.
.......###..# ##..#......†<
<....(....@.# ##..#........
.#......##..###............
........#..###.)##..#.....#
##.............###..#######
..........###.........
...#...##..#..##.......
#.##...#.......#........
...............# .......
#######.......# .....


There were no monsters in sight!

Vanquished Creatures
  An adder (D:2)
  A dart slug (D:1)
  2 endoplasms (D:2)
  4 giant cockroaches
  5 goblins
  4 hobgoblins (D:1)
  2 jackals (D:1)
  A quokka (D:1)
  4 ball pythons
  3 bats (D:1)
  3 kobolds
  4 rats (D:1)
34 creatures vanquished.

Notes
Turn   | Place    | Note
-------+----------+-------------------------------------------
     0 | D:1      | nicanaca0 the Minotaur Berserker began the quest for the
                  | Orb.
     0 | D:1      | Reached XP level 1. HP: 19/19 MP: 0/0
   108 | D:1      | Reached skill level 4 in Axes
   162 | D:1      | Reached XP level 2. HP: 26/26 MP: 1/1
   514 | D:1      | Reached ** piety under Trog
   581 | D:1      | Reached skill level 5 in Axes
   652 | D:1      | Reached XP level 3. HP: 30/31 MP: 2/2
  1057 | D:2      | HP: 1/31 [poisoned by an adder]
  1058 | D:2      | Succumbed to an adder's poison

Illustrated notes

Levels and vault maps discovered:
D:1:      matt_arrival_grand_opening, layout_loops_ring,
          minmay_misc_feat_square, roderic_three_in_a_row
D:2:      layout_rooms

Skill      XL: |  1  2 |
---------------+-------+-----
Axes           | 4 5 |  5.3
Fighting       | |  3.6
Throwing       | |  0.8
Armour         | |  2.4
Dodging        | |  2.1

Action                   || total
-------------------------++-------
Melee: Hand axe          ||    76
       Headbutt          ||    11
Throw: Stone             ||    58
Armor: Scale mail        ||    19
Dodge: Dodged            ||    27

Table legend: (Time is in decaauts)
 A = Elapsed time spent in this place.
 B = Non-inter-level travel time spent in this place.
 C = Inter-level travel time spent in this place.
 D = Time resting spent in this place.
 E = Time spent auto-exploring this place.
 F = Levels seen in this place.
 G = Mean time per level.
                   A        B        C        D        E       F      G
               +--------+--------+--------+--------+--------+-----+--------+
         Total |   1067 |   1045 |     22 |      0 |    795 |   2 |  533.5 |
       Dungeon |   1067 |   1045 |     22 |      0 |    795 |   2 |  533.5 |
               +--------+--------+--------+--------+--------+-----+--------+

Top non-repeatable levels by time:
     D:1: 918 daAuts
     D:2: 149 daAuts
